TOP OF THE 1ST |
Salem Silver Souls batting - Pitching for West Virginia Power : RHP Tomás Hurtado
|
Pitching: RHP Tomás Hurtado
|
|
Batting: LHB Joel Nelson
|
0-0: Ball 1-0: Ball 2-0: Fly out, F8 (Flyball, 8RS)
|
Batting: RHB Augusto Baiano
|
0-0: Swinging Strike 0-1: Ball 1-1: Ground out 6-3 (Groundball, 6)
|
Batting: RHB Tom Hughes
|
0-0: Ball 1-0: Called Strike 1-1: Ball 2-1: Ball 3-1: Swinging Strike 3-2: Foul Ball, location: 2F 3-2: Base on Balls
|
Batting: LHB Hamilton Hughes
|
0-0: Ball 1-0: Called Strike 1-1: Ball 2-1: SINGLE (Groundball, 4MD) Tom Hughes to second Runner from 2nd tries for 3rd, SAFE, throw made to third
|
Batting: SHB Tony Yan
|
0-0: Ball 1-0: Ball 2-0: Ball 3-0: Base on Balls Hamilton Hughes to second
|
Batting: SHB Jesús Sosa
|
0-0: Ball 1-0: Called Strike 1-1: Called Strike 1-2: Ball 2-2: Foul Ball, location: 2F 2-2: Ball 3-2: Foul Ball, location: 2F 3-2: Base on Balls Tom Hughes scores Hamilton Hughes to third Tony Yan to second
|
Batting: SHB Dawson Fowler
|
0-0: Called Strike 0-1: Called Strike 0-2: Strikes out looking
|
Top of the 1st over - 1 run(s), 1 hit(s), 0 error(s), 3 left on base; Salem 1 - West Virginia 0 |
BOTTOM OF THE 1ST |
West Virginia Power batting - Pitching for Salem Silver Souls : RHP Patrick Williamson
|
Pitching: RHP Patrick Williamson
|
|
Batting: RHB Luis Quezada
|
0-0: Swinging Strike 0-1: Ball 1-1: Swinging Strike 1-2: Ball 2-2: Foul Ball, location: 2F 2-2: Ball 3-2: Base on Balls
|
Batting: LHB Wally Harris
|
0-0: Ball 1-0: Fly out, F7 (Flyball, 78S)
|
Batting: LHB Ken Nelson
|
0-0: Ball 1-0: Fly out, F8 (Flyball, 8RM)
|
Batting: SHB Waylon Adams
|
0-0: Ball 1-0: Ball 2-0: Ball 3-0: Base on Balls Luis Quezada to second
|
Batting: RHB Tony Parker
|
0-0: Ball 1-0: Swinging Strike 1-1: Foul Ball, location: 2F 1-2: Ball 2-2: Strikes out swinging
|
Bottom of the 1st over - 0 run(s), 0 hit(s), 0 error(s), 2 left on base; Salem 1 - West Virginia 0 |
TOP OF THE 2ND |
Salem Silver Souls batting - Pitching for West Virginia Power : RHP Tomás Hurtado
|
Batting: SHB Francis Shaffer
|
0-0: Called Strike 0-1: Fly out, F4 (Popup, 34D)
|
Batting: RHB Jaime Rodríguez
|
0-0: Called Strike 0-1: Called Strike 0-2: Ball 1-2: Foul Ball, location: 2F 1-2: Foul Ball, location: 2F 1-2: Ground out 6-3 (Groundball, 6)
|
Batting: LHB Joel Nelson
|
0-0: Called Strike 0-1: Ball 1-1: Called Strike 1-2: Strikes out swinging, 2-3 out at first.
|
Top of the 2nd over - 0 run(s), 0 hit(s), 0 error(s), 0 left on base; Salem 1 - West Virginia 0 |
BOTTOM OF THE 2ND |
West Virginia Power batting - Pitching for Salem Silver Souls : RHP Patrick Williamson
|
Batting: LHB Phil Neal
|
0-0: Ball 1-0: Called Strike 1-1: Ball 2-1: Ball 3-1: Base on Balls
|
Batting: RHB Piotr Zahn
|
0-0: Foul Ball, location: 2F 0-1: Ball 1-1: Ball 2-1: Swinging Strike 2-2: Foul Ball, location: 2F 2-2: Foul Ball, location: 2F 2-2: Ball 3-2: Foul Ball, location: 2F 3-2: DOUBLE (Line Drive, 8LD) Phil Neal to third
|
Batting: SHB Thomas Simmons
|
0-0: Ball 1-0: Called Strike 1-1: Foul Ball, location: 2F 1-2: Ball 2-2: Foul Ball, location: 2F 2-2: Ground out 6-3 (Groundball, 6) Phil Neal scores
|
Batting: RHB Pedro Echevarría
|
0-0: Ball 1-0: Ground out 5-3 (Groundball, 56S) Piotr Zahn to third
|
Batting: RHB Luis Quezada
|
0-0: Ball 1-0: Ball 2-0: Fly out, F8 (Line Drive, 8RM)
|
Bottom of the 2nd over - 1 run(s), 1 hit(s), 0 error(s), 1 left on base; Salem 1 - West Virginia 1 |
TOP OF THE 3RD |
Salem Silver Souls batting - Pitching for West Virginia Power : RHP Tomás Hurtado
|
Batting: RHB Augusto Baiano
|
0-0: Ball 1-0: Ball 2-0: Called Strike 2-1: Ball 3-1: Base on Balls
|
Batting: RHB Tom Hughes
|
0-0: Ball 1-0: Called Strike 1-1: Swinging Strike 1-2: Foul Ball, location: 2F 1-2: Strikes out swinging
|
Batting: LHB Hamilton Hughes
|
0-0: Called Strike 0-1: Ball 1-1: Ball 2-1: Ball 3-1: Called Strike 3-2: Foul Ball, location: 2F 3-2: Foul Ball, location: 2F 3-2: Fly out, F7 (Flyball, 7)
|
Batting: SHB Tony Yan
|
0-0: Called Strike 0-1: Called Strike 0-2: Foul Ball, location: 2F 0-2: Ball 1-2: Strikes out swinging
|
Top of the 3rd over - 0 run(s), 0 hit(s), 0 error(s), 1 left on base; Salem 1 - West Virginia 1 |
BOTTOM OF THE 3RD |
West Virginia Power batting - Pitching for Salem Silver Souls : RHP Patrick Williamson
|
Batting: LHB Wally Harris
|
0-0: Ball 1-0: Ball 2-0: Swinging Strike 2-1: Ball 3-1: Called Strike 3-2: Base on Balls
|
Batting: LHB Ken Nelson
|
0-0: Ball 1-0: Fly out, F7 (Flyball, 7S)
|
Batting: SHB Waylon Adams
|
0-0: Ball Throwing error on steal attempt, E2 Wally Harris to third 1-0: Ball 2-0: Ball 3-0: Base on Balls
|
Batting: RHB Tony Parker
|
0-0: Called Strike 0-1: Ball 1-1: Ball 2-1: 3-RUN HOME RUN (Line Drive, 7D), Distance : 377 ft
|
Batting: LHB Phil Neal
|
0-0: Called Strike 0-1: Swinging Strike 0-2: SOLO HOME RUN (Flyball, 9D), Distance : 348 ft
|
Batting: RHB Piotr Zahn
|
0-0: Fly out, F8 (Flyball, 8LM)
|
Batting: SHB Thomas Simmons
|
0-0: Ball 1-0: Called Strike 1-1: SINGLE (Flyball, 7S)
|
Batting: RHB Pedro Echevarría
|
0-0: Ball 1-0: Foul Ball, location: 2F 1-1: Foul Ball, location: 2F 1-2: Strikes out looking
|
Bottom of the 3rd over - 4 run(s), 3 hit(s), 1 error(s), 1 left on base; Salem 1 - West Virginia 5 |
TOP OF THE 4TH |
Salem Silver Souls batting - Pitching for West Virginia Power : RHP Tomás Hurtado
|
Batting: SHB Jesús Sosa
|
0-0: Ball 1-0: Called Strike 1-1: Ball 2-1: Swinging Strike 2-2: Ball 3-2: Foul Ball, location: 2F 3-2: SINGLE (Line Drive, 6D)
|
Batting: SHB Dawson Fowler
|
0-0: Ball 1-0: Ball 2-0: Foul Ball, location: 2F 2-1: SINGLE (Groundball, 34D) Jesús Sosa to second Runner from 2nd tries for 3rd, SAFE, throw made to third
|
Batting: SHB Francis Shaffer
|
0-0: Foul Ball, location: 2F 0-1: Ball 1-1: Swinging Strike 1-2: Foul Ball, location: 2F 1-2: Ball 2-2: Foul Ball, location: 2F 2-2: Foul Ball, location: 2F 2-2: Ground out U3 (Groundball, 34S) Jesús Sosa scores Dawson Fowler to second
|
Pitching: RHP Mark Osborne
|
|
Batting: RHB Jaime Rodríguez
|
0-0: Ball 1-0: Ball 2-0: SINGLE (Flyball, 8RS) Dawson Fowler to third
|
Batting: LHB Joel Nelson
|
0-0: Ball 1-0: Ball 2-0: Foul Ball, location: 2F 2-1: Ball 3-1: Base on Balls Jaime Rodríguez to second
|
Batting: RHB Augusto Baiano
|
0-0: Ball 1-0: Called Strike 1-1: Swinging Strike 1-2: Ball 2-2: Strikes out looking
|
Batting: RHB Tom Hughes
|
0-0: Ball 1-0: Ball 2-0: Foul Ball, location: 2F 2-1: Ball 3-1: SINGLE (Line Drive, 6MD) Dawson Fowler scores Jaime Rodríguez to third Joel Nelson to second
|
Batting: LHB Hamilton Hughes
|
0-0: Ball 1-0: SINGLE (Groundball, 4D) Jaime Rodríguez scores Joel Nelson to third Tom Hughes to second Runner from 3rd tries for Home, SAFE, no throw
|
Batting: SHB Tony Yan
|
0-0: Called Strike 0-1: Swinging Strike 0-2: Ball 1-2: Ball 2-2: Strikes out swinging
|
Top of the 4th over - 4 run(s), 5 hit(s), 0 error(s), 2 left on base; Salem 5 - West Virginia 5 |
BOTTOM OF THE 4TH |
West Virginia Power batting - Pitching for Salem Silver Souls : RHP Patrick Williamson
|
Batting: RHB Luis Quezada
|
0-0: Called Strike 0-1: Swinging Strike 0-2: Foul Ball, location: 2F 0-2: Ball 1-2: Foul Ball, location: 2F 1-2: Strikes out looking
|
Batting: LHB Wally Harris
|
0-0: Called Strike 0-1: Fly out, F8 (Flyball, 89M)
|
Batting: LHB Ken Nelson
|
0-0: Called Strike 0-1: SINGLE (Groundball, 6D)
|
Pitching: RHP Fernando Gutiérrez
|
|
Batting: SHB Waylon Adams
|
0-0: Ball 1-0: Ball 2-0: Foul Ball, location: 2F 2-1: Called Strike 2-2: Foul Ball, location: 2F 2-2: Ground out 4-3 (Groundball, 4S)
|
Bottom of the 4th over - 0 run(s), 1 hit(s), 0 error(s), 1 left on base; Salem 5 - West Virginia 5 |
TOP OF THE 5TH |
Salem Silver Souls batting - Pitching for West Virginia Power : RHP Mark Osborne
|
Batting: SHB Jesús Sosa
|
0-0: Ball 1-0: Ball 2-0: Ball 3-0: Base on Balls
|
Batting: SHB Dawson Fowler
|
0-0: Ground out U3 (Groundball, 34) Jesús Sosa to second
|
Batting: SHB Francis Shaffer
|
0-0: Ball 1-0: Ground out 6-3 (Groundball, 6M) Jesús Sosa to third
|
Batting: RHB Jaime Rodríguez
|
0-0: Ball 1-0: Ball 2-0: Called Strike 2-1: Swinging Strike 2-2: Foul Ball, location: 2F 2-2: Strikes out swinging
|
Top of the 5th over - 0 run(s), 0 hit(s), 0 error(s), 1 left on base; Salem 5 - West Virginia 5 |
BOTTOM OF THE 5TH |
West Virginia Power batting - Pitching for Salem Silver Souls : RHP Fernando Gutiérrez
|
Batting: RHB Tony Parker
|
0-0: Ground out 5-3 (Groundball, 5S)
|
Batting: LHB Phil Neal
|
0-0: Called Strike 0-1: Foul Ball, location: 2F 0-2: Ball 1-2: Ground out U3 (Groundball, 34)
|
Batting: RHB Piotr Zahn
|
0-0: Ball 1-0: Foul Ball, location: 2F 1-1: Swinging Strike 1-2: Foul Ball, location: 2F 1-2: Ball 2-2: Ball 3-2: Base on Balls
|
Batting: SHB Thomas Simmons
|
0-0: Foul Ball, location: 2F 0-1: Foul Ball, location: 2F 0-2: Ball 1-2: Ball 2-2: Ball 3-2: Base on Balls Piotr Zahn to second
|
Batting: RHB Pedro Echevarría
|
0-0: Swinging Strike 0-1: Swinging Strike 0-2: Strikes out looking
|
Bottom of the 5th over - 0 run(s), 0 hit(s), 0 error(s), 2 left on base; Salem 5 - West Virginia 5 |
TOP OF THE 6TH |
Salem Silver Souls batting - Pitching for West Virginia Power : RHP Mark Osborne
|
Pitching: LHP Roberto Aguilar
|
|
Batting: LHB Joel Nelson
|
0-0: Called Strike 0-1: Called Strike 0-2: Foul Ball, location: 2F 0-2: Strikes out swinging
|
Batting: RHB Augusto Baiano
|
0-0: Foul Ball, location: 2F 0-1: Ball 1-1: Ball 2-1: Ball 3-1: SINGLE (Flyball, 8RS)
|
Batting: RHB Tom Hughes
|
0-0: Fly out, F7 (Line Drive, 7)
|
Batting: LHB Hamilton Hughes
|
Pickoff Throw to First - Out!
|
Top of the 6th over - 0 run(s), 1 hit(s), 0 error(s), 0 left on base; Salem 5 - West Virginia 5 |
BOTTOM OF THE 6TH |
West Virginia Power batting - Pitching for Salem Silver Souls : RHP Fernando Gutiérrez
|
Batting: RHB Luis Quezada
|
0-0: SOLO HOME RUN (Flyball, 78XD), Distance : 436 ft
|
Batting: LHB Wally Harris
|
0-0: Swinging Strike 0-1: Ball 1-1: Fly out, F8 (Line Drive, 8LM)
|
Batting: LHB Ken Nelson
|
0-0: Ball 1-0: Ball 2-0: Ball 3-0: Called Strike 3-1: SINGLE (Flyball, 8LS)
|
Batting: SHB Waylon Adams
|
0-0: SINGLE (Flyball, 8LS) Ken Nelson to second
|
Batting: RHB Tony Parker
|
0-0: Called Strike 0-1: Foul Ball, location: 2F 0-2: Ball 1-2: Ball 2-2: DOUBLE (Flyball, 89XD) Ken Nelson scores Waylon Adams to third
|
Batting: LHB Phil Neal
|
0-0: Ball Wild Pitch! Waylon Adams scores Tony Parker to third 1-0: Foul Ball, location: 2F 1-1: Foul Ball, location: 2F 1-2: Ground out 5-3 (Groundball, 5)
|
Pitching: RHP Phil Schroeder
|
|
Batting: RHB Piotr Zahn
|
0-0: Fly out, F9 (Flyball, 9S)
|
Bottom of the 6th over - 3 run(s), 4 hit(s), 0 error(s), 1 left on base; Salem 5 - West Virginia 8 |
TOP OF THE 7TH |
Salem Silver Souls batting - Pitching for West Virginia Power : LHP Roberto Aguilar
|
Batting: LHB Hamilton Hughes
|
0-0: Called Strike 0-1: Foul Ball, location: 2F 0-2: Strikes out swinging
|
Batting: SHB Tony Yan
|
0-0: Ball 1-0: Foul Ball, location: 2F 1-1: Called Strike 1-2: Foul Ball, location: 2F 1-2: Strikes out looking
|
Batting: SHB Jesús Sosa
|
0-0: Ball 1-0: Called Strike 1-1: Swinging Strike 1-2: Strikes out swinging, 2-3 out at first.
|
Top of the 7th over - 0 run(s), 0 hit(s), 0 error(s), 0 left on base; Salem 5 - West Virginia 8 |
BOTTOM OF THE 7TH |
West Virginia Power batting - Pitching for Salem Silver Souls : RHP Phil Schroeder
|
Batting: SHB Thomas Simmons
|
0-0: Called Strike 0-1: Ball 1-1: Ball 2-1: Ball 3-1: Base on Balls
|
Batting: RHB Pedro Echevarría
|
0-0: Bunted foul 0-1: Sac Bunt - play at first, batter OUT! 1-4 Thomas Simmons to second
|
Batting: RHB Luis Quezada
|
0-0: SINGLE (Groundball, 6MD) Thomas Simmons to third Runner from 3rd tries for Home, SAFE, no throw
|
Batting: LHB Wally Harris
|
0-0: Ball Luis Quezada is caught stealing 2nd base 1-0: Foul Ball, location: 2F 1-1: Fly out, F8 (Flyball, 78M)
|
Bottom of the 7th over - 1 run(s), 1 hit(s), 0 error(s), 0 left on base; Salem 5 - West Virginia 9 |
TOP OF THE 8TH |
Salem Silver Souls batting - Pitching for West Virginia Power : LHP Roberto Aguilar
|
Batting: SHB Dawson Fowler
|
0-0: Ball 1-0: Ball 2-0: Called Strike 2-1: Ball 3-1: Foul Ball, location: 2F 3-2: Foul Ball, location: 2F 3-2: DOUBLE (Line Drive, 78XD)
|
Batting: SHB Francis Shaffer
|
0-0: Called Strike 0-1: SINGLE (Line Drive, 8LS) Dawson Fowler to third
|
Pitching: RHP Rob Woods
|
|
Batting: RHB Jaime Rodríguez
|
0-0: Ball 1-0: Called Strike 1-1: Foul Ball, location: 2F 1-2: Strikes out swinging
|
Pitching: LHP Alberto Ruíz
|
|
Batting: LHB Joel Nelson
|
0-0: Single, Error in OF, E8, batter to second base Dawson Fowler scores Francis Shaffer to third
|
Batting: RHB Augusto Baiano
|
0-0: Ball 1-0: Swinging Strike 1-1: Foul Ball, location: 2F 1-2: Ball 2-2: Foul Ball, location: 2F 2-2: Ball 3-2: SINGLE (Groundball, 56D) Francis Shaffer scores Joel Nelson to third Runner from 3rd tries for Home, SAFE, no throw
|
Batting: RHB Tom Hughes
|
0-0: Ball 1-0: Ball 2-0: Ball 3-0: Base on Balls Augusto Baiano to second
|
Pinch Hitting: RHB Jack Snyder
|
0-0: Called Strike 0-1: DOUBLE (Flyball, 78M) Augusto Baiano scores Tom Hughes to third
|
Pitching: RHP António Córdova
|
|
Batting: SHB Tony Yan
|
0-0: Ball 1-0: Ball 2-0: Called Strike 2-1: Ball 3-1: Called Strike 3-2: Fly out, F8 (Flyball, 8LS)
|
Batting: SHB Jesús Sosa
|
0-0: Ball 1-0: Called Strike 1-1: Ball 2-1: Swinging Strike 2-2: Foul Ball, location: 2F 2-2: Ball 3-2: Fly out, F8 (Line Drive, 8RXD)
|
Top of the 8th over - 4 run(s), 5 hit(s), 1 error(s), 2 left on base; Salem 9 - West Virginia 9 |
BOTTOM OF THE 8TH |
West Virginia Power batting - Pitching for Salem Silver Souls : RHP Phil Schroeder
|
Now at 1B: Adam Thomas
|
|
Batting: LHB Ken Nelson
|
0-0: Ball 1-0: Ball 2-0: Called Strike 2-1: Foul Ball, location: 2F 2-2: Strikes out swinging
|
Batting: SHB Waylon Adams
|
0-0: Swinging Strike 0-1: Swinging Strike 0-2: Strikes out looking
|
Batting: RHB Tony Parker
|
0-0: Foul Ball, location: 2F 0-1: Foul Ball, location: 2F 0-2: Strikes out looking
|
Bottom of the 8th over - 0 run(s), 0 hit(s), 0 error(s), 0 left on base; Salem 9 - West Virginia 9 |
TOP OF THE 9TH |
Salem Silver Souls batting - Pitching for West Virginia Power : RHP António Córdova
|
Pitching: RHP Manuel Montoya
|
|
Batting: SHB Dawson Fowler
|
0-0: Ball 1-0: Fly out, F3 (Popup, 3L)
|
Batting: SHB Francis Shaffer
|
0-0: Called Strike 0-1: Ball 1-1: DOUBLE (Line Drive, 8LXD)
|
Batting: RHB Jaime Rodríguez
|
0-0: Ground out 6-3 (Groundball, 6M) Francis Shaffer to third
|
Batting: LHB Joel Nelson
|
0-0: Ball 1-0: Foul Ball, location: 2F 1-1: Foul Ball, location: 2F 1-2: Foul Ball, location: 2F Balk! Francis Shaffer scores 1-2: Foul Ball, location: 2F 1-2: Foul Ball, location: 2F 1-2: Foul Ball, location: 2F 1-2: Ball 2-2: Ball 3-2: Base on Balls
|
Batting: RHB Augusto Baiano
|
0-0: Called Strike 0-1: Ball 1-1: Ball 2-1: Called Strike 2-2: Foul Ball, location: 2F 2-2: Strikes out swinging
|
Top of the 9th over - 1 run(s), 1 hit(s), 0 error(s), 1 left on base; Salem 10 - West Virginia 9 |
BOTTOM OF THE 9TH |
West Virginia Power batting - Pitching for Salem Silver Souls : RHP Phil Schroeder
|
Pitching: RHP Ramón Marerro
|
|
Batting: LHB Phil Neal
|
0-0: Foul Ball, location: 2F 0-1: Foul Ball, location: 2F 0-2: Ball 1-2: Ball 2-2: Ball 3-2: SINGLE (Flyball, 8LS)
|
Pinch Hitting: RHB Javier Peña
|
0-0: Ball 1-0: Called Strike 1-1: Ball 2-1: Called Strike 2-2: Fielders Choice at 2nd, 6-4 (Groundball, 6)
|
Batting: SHB Thomas Simmons
|
0-0: Ball 1-0: Called Strike 1-1: Ball 2-1: Foul Ball, location: 2F 2-2: Fly out, F7 (Flyball, 7)
|
Batting: RHB Pedro Echevarría
|
0-0: Called Strike 0-1: Called Strike 0-2: Ball 1-2: SINGLE (Flyball, 78S) Javier Peña to second
|
Batting: RHB Luis Quezada
|
0-0: Ball 1-0: Foul Ball, location: 2F 1-1: Called Strike 1-2: Ball 2-2: Fly out, F8 (Flyball, 8LM)
|
Bottom of the 9th over - 0 run(s), 2 hit(s), 0 error(s), 2 left on base; Salem 10 - West Virginia 9 |
|